 Dungeon Crawl Stone Soup version 0.20-a0-2-g2b0e13a (webtiles) character file.

1768 wazuzu the Covert (level 9, -1/43 HPs)
             Began as a Vine Stalker Monk on Oct 29, 2016.
             Slain by an orc warrior
             ... wielding a +0 trident of piercing
              (2 damage)
             ... on level 6 of the Dungeon.
             The game lasted 00:15:49 (4577 turns).

wazuzu the Covert (Vine Stalker Monk)               Turns: 4577, Time: 00:15:50

Health: -1/43      AC:  8    Str: 22    XL:     9   Next: 7%
Magic:  0/10       EV: 12    Int: 10    God:
Gold:   353        SH:  0    Dex: 16    Spells: 0 memorised, 8 levels left

rFire  . . .     SeeInvis +     s - +5 dagger "Ripniat" {flame, Str+4 SInv Stlth+}
rCold  . . .     Gourm    .     j - +1 ring mail
rNeg   . . .     Faith    .     (no shield)
rPois  +         Spirit   +     r - +0 helmet
rElec  .         Reflect  .     g - +0 cloak
rCorr  .         Harm     .     (no gloves)
MR     +....                    (no boots)
Stlth  +++++.....               (no amulet)
                                m - ring of poison resistance
                                (no ring)

@: no status effects
A: fangs 3, regeneration 1, magic shield, antimagic bite, no device heal 3, rot
immunity
a: no special abilities


You were on level 6 of the Dungeon.
You were not hungry.

You visited 1 branch of the dungeon, and saw 6 of its levels.

You collected 353 gold pieces.

Inventory:

Hand Weapons
 s - the +5 dagger "Ripniat" (weapon) {flame, Str+4 SInv Stlth+}
   (You found it on level 4 of the Dungeon)

   It has been specially enchanted to burn those struck by it, causing extra
   injury to most foes and up to half again as much damage against particularly
   susceptible opponents.
   It affects your strength (+4).
   It lets you see invisible.
   It makes you more stealthy.
Armour
 g - a +0 cloak (worn)
 j - a +1 ring mail (worn)
 r - a +0 helmet (worn)
Jewellery
 m - a ring of poison resistance (right hand)
Wands
 f - a wand of disintegration (9/24)
 v - a wand of paralysis (16/24)
 x - a wand of slowing (15/48)
Scrolls
 d - 3 scrolls of enchant armour
 i - 3 scrolls of blinking
 n - 5 scrolls of remove curse
Potions
 b - a potion of might
 k - 3 potions of ambrosia
 p - a potion of curing
 t - a potion of brilliance
Comestibles
 c - 6 bread rations
 h - a royal jelly
 l - 2 beef jerkies
 q - 5 meat rations
 u - 15 chunks of flesh


   Skills:
 - Level 2.6 Fighting
 + Level 7.9 Short Blades
 - Level 2.4 Dodging
 + Level 10.5 Stealth


You had 8 spell levels left.
You didn't know any spells.

Dungeon Overview and Level Annotations

Branches:
Dungeon (6/15)
 Temple: D:4-7

Altars:
Uskayaw
Yredelemnul

Shops:
D:4 !(=[}

Annotations:
D:4 dafuk so many shoppes


Innate Abilities, Weirdness & Mutations

You have razor-sharp teeth.
Your natural rate of healing is unusually fast.
When hurt, damage is shared between your health and your magic reserves.
Your bite disrupts and absorbs the magic of your enemies.
Potions and wands cannot restore your health.
You are immune to rotting.


Message History

Some of the chunks of flesh in your inventory have rotted away.
The orc warrior completely misses you.
The orc warrior hits you with a trident of piercing!!
The orc wizard shouts!
You hit the orc warrior. You burn the orc warrior.
Your bite misses the orc warrior.
The orc warrior is severely wounded.
You hit the orc warrior but do no damage.
The orc warrior is severely wounded.
The orc warrior hits you with a trident of piercing.
* * * LOW HITPOINT WARNING * * *
The orc wizard mumbles some strange words.
The orc wizard flickers and vanishes for a moment.
You closely miss the orc warrior.
The orc warrior is severely wounded.
The orc warrior hits you from afar with a trident of piercing.
* * * LOW HITPOINT WARNING * * *
x2 The orc warrior hits you from afar with a trident of piercing!
* * * LOW HITPOINT WARNING * * *
You die...

.#..........#
##..........#
#..........#
#..........#
############
###################
..........o..oo.@.#
#################.#
#.# #.# #)# #)# #)#
########.#
#........#


You could see an orc warrior, an orc wizard (invisible) and an orc.

Vanquished Creatures
  The ghost of p0werm0de the Chopper, an amateur FoCK of Xom (D:4)
  Prince Ribbit (D:6)
  A human (D:3)
  3 ogres
  2 centaurs
  A bullfrog (D:6)
  2 scorpions (D:5)
  A howler monkey (D:6)
  A crimson imp (D:5)
  2 centaur skeletons (D:4)
  A hound (D:5)
  3 worker ants
  A human skeleton (D:3)
  5 orc wizards
  Robin (D:3)
  3 gnolls (D:5)
  11 adders
  2 shadow imps
  3 dart slugs
  A worm (D:3)
  A leopard gecko (D:1)
  22 orcs
  4 ball pythons
  7 bats
  10 giant cockroaches
  15 goblins
  13 hobgoblins
  7 jackals
  2 quokkas
  7 frilled lizards
  10 kobolds
  A leopard gecko skeleton (D:5)
  A quokka skeleton (D:5)
  3 rats
149 creatures vanquished.

Vanquished Creatures (others)
  A goblin (D:1)
  A frilled lizard (D:3)
2 creatures vanquished.

Grand Total: 151 creatures vanquished

Notes
Turn   | Place    | Note
-------+----------+-------------------------------------------
     0 | D:1      | wazuzu the Vine Stalker Monk began the quest for the Orb.
     0 | D:1      | Reached XP level 1. HP: 11/11 MP: 2/2
   167 | D:1      | Reached XP level 2. HP: 16/16 MP: 3/3
   341 | D:1      | Reached skill level 3 in Stealth
   836 | D:2      | Reached XP level 3. HP: 19/19 MP: 4/4
  1213 | D:2      | Gained mutation: Your natural rate of healing is unusually fast. [Vine Stalker growth]
  1213 | D:2      | Reached XP level 4. HP: 23/23 MP: 5/5
  1247 | D:2      | Reached skill level 4 in Stealth
  2097 | D:3      | Reached XP level 5. HP: 21/27 MP: 6/6
  2131 | D:3      | Found a hide-covered altar of Uskayaw.
  2212 | D:3      | Found a runed door.
  2212 | D:3      | Noticed a human
  2214 | D:3      | Found a basalt altar of Yredelemnul.
  2233 | D:3      | Reached skill level 5 in Stealth
  2617 | D:3      | Noticed Robin
  2654 | D:3      | Killed Robin
  2850 | D:3      | Killed a human
  2850 | D:3      | Reached skill level 5 in Short Blades
  2850 | D:3      | Reached skill level 6 in Stealth
  2850 | D:3      | Reached XP level 6. HP: 19/32 MP: 7/7
  2999 | D:4      | Noticed p0werm0de's ghost (amateur FoCK)
  3098 | D:4      | Got a translucent dagger
  3099 | D:4      | Identified the +5 dagger "Ripniat" {flame, Str+4 SInv Stlth+} (You found it on level 4 of the Dungeon)
  3121 | D:4      | Killed p0werm0de's ghost
  3121 | D:4      | Reached skill level 7 in Stealth
  3121 | D:4      | Reached XP level 7. HP: 35/35 MP: 8/8
  3164 | D:4      | Found Hegel's Antique Weapon Shop.
  3258 | D:4      | Found Kulenax's Armour Shop.
  3261 | D:4      | Found Vaeciq's Jewellery Boutique.
  3474 | D:4      | Found Wieluip's Gadget Boutique.
  3487 | D:4      | Found Qiros's Distillery.
  3592 | D:4      | Reached skill level 8 in Stealth
  3644 | D:5      | Entered Level 5 of the Dungeon
  3769 | D:5      | Gained mutation: You have razor-sharp teeth. [Vine Stalker growth]
  3769 | D:5      | Reached XP level 8. HP: 39/39 MP: 9/9
  3887 | D:5      | Reached skill level 9 in Stealth
  4365 | D:6      | Noticed Prince Ribbit
  4372 | D:6      | Killed Prince Ribbit
  4372 | D:6      | Reached skill level 10 in Stealth
  4419 | D:6      | Reached XP level 9. HP: 43/43 MP: 10/10
  4577 | D:6      | HP: 1/43 [orc warrior/trident of piercing (5)]
  4577 | D:6      | Slain by an orc warrior

Vault maps used:
D:1:      dpeg_arrival_rooms_b, minmay_crystal_water, lemuel_old_faithful
D:3:      lemuel_doored_altar, st_stairs_13, dk_yredelemnul_ordeal, uniq_robin
D:4:      serial_shops, nicolae_shop_waterfront, shop, shop_coins,
          shop_fountains, shop
D:5:      first_bread
D:6:      serial_shops, shop, uniq_prince_ribbit1

Skill      XL: |  1  2  3  4  5  6  7  8 |
---------------+-------------------------+-----
Short Blades   | 3 4 5 6 7 |  7.9
Stealth        | 3 4 6 7 8 10 | 10.5
Fighting       | |  2.6
Dodging        | |  2.4

Action                   |  1- 3 |  4- 6 |  7- 9 || total
-------------------------+-------+-------+-------++-------
Melee: Short sword       |    76 |   236 |       ||   312
       Bite              |    19 |    74 |    50 ||   143
       Dagger            |       |     7 |   146 ||   153
  Use: Scroll            |     1 |     9 |    10 ||    20
       Potion            |     1 |     1 |       ||     2
 Stab: Sleeping          |     8 |     9 |    10 ||    27
       Distracted        |       |     2 |     1 ||     3
  Eat: Chunk             |     1 |     6 |     5 ||    12
Armor: Robe              |     1 |       |       ||     1
       Ring mail         |     9 |    67 |    23 ||    99
Dodge: Dodged            |    42 |   132 |    51 ||   225
